 Dungeon Crawl Stone Soup version 0.21.1-1-g345015fe64 (webtiles) character file.

56 Findor the Chopper (level 3, -1/33 HPs)
             Began as a Hill Orc Monk on Apr 29, 2018.
             Slain by a gnoll
             ... wielding a +0 spear
              (7 damage)
             ... on level 2 of the Dungeon.
             The game lasted 00:02:32 (937 turns).

Findor the Chopper (Hill Orc Monk)                   Turns: 937, Time: 00:02:32

Health: -1/33      AC: 11    Str: 14    XL:     3   Next: 97%
Magic:  3/3        EV:  3    Int: 10    God:
Gold:   50         SH:  3    Dex: 13    Spells: 2/2 levels left

rFire    . . .     SeeInvis .   a - +0 hand axe
rCold    . . .     Gourm    .   j - +0 buckler (curse)
rNeg     . . .     Faith    .   h - +1 plate armour (curse)
rPois    .         Spirit   .   (no helmet)
rElec    .         Reflect  .   (no cloak)
rCorr    .         Harm     .   (no gloves)
MR       .....                  (no boots)
Stlth    ..........             (no amulet)
HPRegen  0.11/turn              (no ring)
MPRegen  0.08/turn              (no ring)

@: no status effects
A: no striking features
a: no special abilities


You were on level 2 of the Dungeon.
You were not hungry.

You visited 1 branch of the dungeon, and saw 2 of its levels.

You collected 50 gold pieces.


   Skills:
 + Level 4.2 Fighting
 * Level 5.2 Axes
 + Level 1.6 Armour
 - Level 2.4 Dodging
 - Level 1.5 Stealth


You had 2 spell levels left.
You didn't know any spells.

Inventory:

Hand Weapons
 a - a +0 hand axe (weapon)
 f - a +0 hunting sling
   (You found it on level 1 of the Dungeon)
 k - a +0 club
   (You took it off a hobgoblin on level 1 of the Dungeon)
Missiles
 d - 6 javelins (quivered)
Armour
 b - a +0 robe
 h - a cursed +1 plate armour (worn)
   (You found it on level 1 of the Dungeon)
 j - a cursed +0 buckler (worn)
   (You found it on level 1 of the Dungeon)
 m - a +0 ring mail
   (You found it on level 1 of the Dungeon)
Scrolls
 e - a scroll of enchant armour
 l - a scroll of identify {unknown}
Potions
 g - a potion of degeneration {unknown}
Comestibles
 c - a ration
 i - 3 chunks of flesh


Message History

You hit the gnoll. The gnoll hits you with a whip.
You hit the gnoll. The gnoll hits you with a whip.
* * * LOW HITPOINT WARNING * * *
You are too injured to fight recklessly!
You are too injured to fight recklessly!
You are too injured to fight recklessly!
You are too injured to fight recklessly!
You are too injured to fight recklessly!
You are too injured to fight recklessly!
You are too injured to fight recklessly!
You are too injured to fight recklessly!
You slash the gnoll! The gnoll hits you but does no damage.
You hit the gnoll.
You kill the gnoll!
The adder barely misses you.
You hit the adder but do no damage. The adder barely misses you.
Your plate armour prevents you from hitting the adder.
The adder bites you.
* * * LOW HITPOINT WARNING * * *
Your plate armour prevents you from hitting the adder.
The adder bites you.
* * * LOW HITPOINT WARNING * * *
You are poisoned.
The adder poisons you! The adder bites you but does no damage.
You barely miss the adder.
You feel sick. The adder barely misses you.
You hit the adder.
The adder bites you but does no damage. x2
You hit the adder. The adder barely misses you.
You closely miss the adder.
You feel sick. The adder bites you but does no damage.
You closely miss the adder. The adder bites you.
* * * LOW HITPOINT WARNING * * *
You hit the adder.
You kill the adder!
You barely miss the hobgoblin. The hobgoblin barely misses you.
The gnoll hits you but does no damage.
You hit the hobgoblin but do no damage.
You feel sick.
The hobgoblin hits you but does no damage.
The gnoll hits you but does no damage.
You hit the hobgoblin.
You kill the hobgoblin!
The gnoll hits you but does no damage. The gnoll hits you with a spear.
* * * LOW HITPOINT WARNING * * *
Items here: ! )) † a hand axe; a pink potion; a whip; an adder corpse You closely miss the gnoll.
The gnoll hits you but does no damage.
You closely miss the gnoll.
You feel sick.
You are no longer poisoned.
The gnoll hits you with a spear!
You die...

#.....).........#
#...............#
#...............#
#...............#
#...........[...#
##.............#
##.[...#.....##
#######g##..#######
#@#..g......# .
#.#.........#####.
#.#...............
#.#......[..#####.
#.#.........# #...
............###...
....8..8.....##....
...................
..8......8.......#.


You could see a gnoll.

Vanquished Creatures
  2 gnolls (D:2)
  An adder (D:2)
  A worm (D:2)
  A dart slug (D:1)
  A leopard gecko (D:1)
  2 giant cockroaches (D:1)
  2 goblins (D:1)
  4 hobgoblins
  A kobold (D:1)
  4 bats (D:1)
  2 frilled lizards
  2 rats
23 creatures vanquished.

Notes
Turn   | Place    | Note
-------+----------+-------------------------------------------
     0 | D:1      | Findor the Hill Orc Monk began the quest for the Orb.
     0 | D:1      | Reached XP level 1. HP: 19/19 MP: 1/1
    61 | D:1      | Reached XP level 2. HP: 27/27 MP: 2/2
   487 | D:1      | Reached skill level 1 in Armour
   815 | D:2      | Reached XP level 3. HP: 25/33 MP: 3/3
   895 | D:2      | Reached skill level 5 in Axes
   937 | D:2      | HP: 6/33 [poisoned by an adder]
   937 | D:2      | Slain by a gnoll

Vault maps used:
D:1:      dpeg_arrival_arbitrary_b
D:2:      minmay_misc_feat_plants, uniq_jessica

Action                   || total
-------------------------++-------
Melee: Hand axe          ||    89
  Use: Scroll            ||     4
 Stab: Sleeping          ||     2
Armor: Robe              ||     5
       Plate armour      ||    55
Dodge: Dodged            ||    25
Block: Buckler           ||     6
